 Dungeon Crawl Stone Soup version 0.30-a0-772-g5528072125 (webtiles) character file.

Game seed: 6311054548002025698

28329 HoaS the Marksdemigod (level 12, 0/159 HPs)
             Began as a Demigod Hunter on Feb 12, 2023.
             Slain by a death yak (11 damage)
             ... on level 4 of the Lair of Beasts.
             The game lasted 00:27:51 (13293 turns).

HoaS the Marksdemigod (Demigod Hunter)             Turns: 13293, Time: 00:27:52

Health: 0/159      AC: 26    Str: 12    XL:     12   Next: 75%
Magic:  0/15       EV:  2    Int:  8    God:
Gold:   770        SH:  0    Dex: 36    Spells: 11/11 levels left

rFire   + . .      SeeInvis .    (no weapon)
rCold   + . .      Faith    .    (no shield)
rNeg    . . .      Spirit   +    (body armour currently unavailable)
rPois   +          Reflect  .    (helmet currently unavailable)
rElec   .          Harm     .    (cloak currently unavailable)
rCorr   .          Rampage  .    (gloves currently unavailable)
Will    +....      NoTele   +    (boots currently unavailable)
Stlth   +++                      m - amulet of guardian spirit
HPRegen 0.46/turn                h - ring of protection from fire
MPRegen 0.14/turn                f - ring "Faneonaz" {rC+ Int-3 Dex+3 Slay+3}

@: tree-form
A: stationary, stasis, torment immunity, boosted hp, high MP 1, forlorn, divine
attributes
a: no special abilities


You were on level 4 of the Lair of Beasts.
You were a tree.
You visited 2 branches of the dungeon, and saw 13 of its levels.
You also visited: Ice Cave.

You collected 770 gold pieces.

Inventory:

Hand Weapons
 w - a +1 heavy arbalest
 B - a +0 longbow
Missiles
 n - 2 throwing nets
Armour
 g - a +1 cloak (melded)
 s - +0 steam dragon scales (melded)
Jewellery
 f - the ring "Faneonaz" (right branch) {rC+ Int-3 Dex+3 Slay+3}
   (You acquired it on level 4 of the Dungeon)

   [ring of protection from cold]

   Int:       It affects your intelligence (-3).
   Dex:       It affects your dexterity (+3).
   Slay:      It affects your accuracy & damage with ranged weapons and melee
   (+3).
   rC:        It protects you from cold.
 h - a ring of protection from fire (left branch)
 m - an amulet of guardian spirit (around neck)
 y - a ring of ice
Wands
 l - a wand of light (13)
 o - a wand of polymorph (9)
 u - a wand of flame (23)
 z - a wand of roots (7)
Scrolls
 a - a scroll of blinking
 b - a scroll of immolation
 q - 3 scrolls of identify
 r - 2 scrolls of fog
 x - 2 scrolls of fear
 A - 2 scrolls of magic mapping
Potions
 c - 2 potions of attraction
 d - 2 potions of lignification
 i - 2 potions of ambrosia
 j - 3 potions of curing
 k - 2 potions of mutation
 p - a potion of invisibility
 t - 3 potions of flight
 v - a potion of cancellation


   Skills:
 + Level 9.6 Fighting
 - Level 18.0 Ranged Weapons
 + Level 9.6 Dodging
 - Level 0.8 Stealth


You had 11 spell levels left.
You didn't know any spells.
Your spell library contained the following spells:

 Spells                   Type           Power      Damage    Failure   Level
 Summon Small Mammal      Summ           0%         N/A       41%         1
 Call Canine Familiar     Summ           0%         N/A       78%         3
 Summon Guardian Golem    Hex/Summ       0%         N/A       78%         3
 Tukima's Dance           Hex            0%         N/A       78%         3
 Passage of Golubria      Tloc           0%         N/A       99%         4
 Iskenderun's Battlesphe  Conj           0%         2d6       100%        5
 Yara's Violent Unravell  Hex/Tmut       0%         3d3       100%        5
 Iron Shot                Conj/Erth      0%         9d1       100%        6
 Spellforged Servitor     Conj/Summ      0%         N/A       100%        7


Dungeon Overview and Level Annotations

Branches:
Dungeon (9/15)             Temple (0/1) D:6            Lair (4/5) D:8
  Swamp (0/4) Lair:2       Spider (0/4) Lair:3        IceCv (visited)
  Slime: Lair:4-5       Orc: D:9-12


Innate Abilities, Weirdness & Mutations

You are a tree.
Your roots penetrate the ground, keeping you stationary.
You cannot be teleported.
You are immune to unholy pain and torment.
Your maximum health is greatly increased.
Your equipment is partially melded.
You have an increased reservoir of magic. (+10% MP)
You shall have no god before yourself.
Your divine heritage dramatically boosts your attributes as you level up.


Message History

The death yak gores you but does no damage.
You hit the death yak.
You kill the death yak!
The death yak gores you but does no damage. x2
You feel much better.
The death yak gores you but does no damage.
The death yak gores you!
You feel much better. The death yak gores you! x2
You feel much better. The death yak gores you.
The death yak gores you but does no damage.
You feel much better.
The death yak gores you but does no damage. x2
You hit the death yak.
The death yak is lightly wounded.
The death yak seems to regain its courage.
The death yak gores you! The death yak barely misses you.
You hit the death yak but do no damage. The death yak gores you.
The death yak gores you!
You hit the death yak but do no damage.
The death yak gores you but does no damage. x2
You hit the death yak but do no damage.
The death yak gores you but does no damage. x2
You hit the death yak but do no damage.
The death yak gores you but does no damage.
The death yak gores you!
You hit the death yak.
The death yak is lightly wounded.
The death yak gores you but does no damage.
The death yak gores you!!
* * * LOW HITPOINT WARNING * * *
You smack the death yak!
The death yak is moderately wounded.
The death yak gores you but does no damage. x2
You smack the death yak!
The death yak is moderately wounded.
The death yak gores you but does no damage.
The death yak gores you!
* * * LOW HITPOINT WARNING * * *
The death yak gores you!
You die...

#### ##P#.# #.....#
.......## ........###
..........####### ## .
.............##♣##.PP.
....?.........YYY......
..........(............
...##..................
........................
.....................#..
............#....#P...##
.Y..........#....P.....
.Y..........#^.........


You could see 3 death yaks.

Vanquished Creatures
  A reaper (IceCv)
  A hydra (Lair:3)
  A two-headed ogre (D:8)
  3 death yaks (Lair:4)
  Urug (Lair:1)
  Amaemon (Lair:1)
  A phantasmal warrior (Lair:3)
  An ugly thing (IceCv)
  2 ice statues (IceCv)
  A black mamba (Lair:4)
  An orange demon (Lair:1)
  4 cane toads
  3 rime drakes
  5 komodo dragons
  3 anaconda simulacra (IceCv)
  4 ice devils (IceCv)
  A tyrant leech (Lair:2)
  2 polar bears (Lair:3)
  Prince Ribbit (Lair:1)
  2 blink frogs (Lair:1)
  3 dire elephant simulacra (IceCv)
  2 shadows (D:9)
  4 wyverns
  A human (Lair:3)
  3 steam dragons
  5 basilisks
  46 yaks
  A death yak simulacrum (IceCv)
  2 redbacks (Lair:3)
  Menkaure (D:5)
  6 water moccasins
  Edmund (D:5)
  3 harpy simulacra (IceCv)
  A hydra simulacrum (IceCv)
  3 ice beasts
  2 orc warriors
  4 sky beasts
  A black bear (D:8)
  An ogre (D:4)
  5 wolves (Lair:1)
  2 centaurs
  2 kobold brigands (D:9)
  A phantom (D:7)
  12 bullfrogs
  A two-headed ogre simulacrum (IceCv)
  2 scorpions
  8 wights
  An elephant simulacrum (IceCv)
  10 killer bees (D:9)
  2 electric eels
  4 hounds
  A jelly (D:6)
  Crazy Yiuf (D:3)
  2 gnoll boudas
  4 orc priests
  4 orc wizards
  A wolf simulacrum (IceCv)
  12 gnolls
  4 adders
  A naga simulacrum (IceCv)
  15 white imps
  2 ufetubi
  A worm (D:2)
  2 dart slugs
  15 orcs
  5 bats
  4 endoplasms
  5 giant cockroaches
  8 goblins
  9 hobgoblins
  4 jackals (D:3)
  3 quokkas
  8 ball pythons
  3 frilled lizards
  18 kobolds
  6 rats
  A plant (Lair:3)
318 creatures vanquished.

Vanquished Creatures (others)
  44 fungi
  48 plants
92 creatures vanquished.

Grand Total: 410 creatures vanquished

Notes
Turn   | Place    | Note
-------+----------+-------------------------------------------
     0 | D:1      | HoaS the Demigod Hunter began the quest for the Orb.
     0 | D:1      | Reached XP level 1. HP: 17/17 MP: 3/3
    69 | D:1      | Reached skill level 4 in Ranged Weapons
   176 | D:1      | Reached XP level 2. HP: 24/24 MP: 4/4
   562 | D:1      | Reached XP level 3. HP: 29/29 MP: 5/5
  1132 | D:2      | Reached skill level 5 in Ranged Weapons
  1690 | D:2      | Reached XP level 4. HP: 24/36 MP: 4/6
  1936 | D:3      | Identified the -2 pair of boots of Qeprebb {Drain rElec
                  | Int+4}
  1985 | D:3      | Identified the +1 robe of Depression {Will- Str+6 SInv
                  | Stlth+}
  2450 | D:3      | Found a runed translucent door.
  2451 | D:3      | Noticed Crazy Yiuf
  2623 | D:3      | Killed Crazy Yiuf
  2817 | D:4      | Noticed a water moccasin
  2829 | D:4      | Killed a water moccasin
  2830 | D:4      | Reached skill level 6 in Ranged Weapons
  2830 | D:4      | Reached XP level 5. HP: 9/41 MP: 3/7
  3236 | D:4      | Noticed an ogre
  3343 | D:4      | Reached XP level 6. HP: 48/48 MP: 8/8
  3691 | D:4      | Identified a scroll of acquirement
  3691 | D:4      | Acquired the ring "Faneonaz" {rC+ Int-3 Dex+3 Slay+3}
  3770 | D:4      | Reached skill level 7 in Ranged Weapons
  3792 | D:5      | Entered Level 5 of the Dungeon
  3826 | D:5      | Noticed Edmund
  3867 | D:5      | Noticed Menkaure
  3870 | D:5      | Killed Menkaure
  3871 | D:5      | Reached skill level 8 in Ranged Weapons
  3871 | D:5      | Reached XP level 7. HP: 53/53 MP: 9/9
  4250 | D:5      | Killed Edmund
  4458 | D:6      | Reached skill level 9 in Ranged Weapons
  4634 | D:6      | Found a staircase to the Ecumenical Temple.
  4676 | D:6      | Acquired a manual of Ranged Weapons
  4706 | D:6      | Reached skill level 10 in Ranged Weapons
  4714 | D:6      | Reached XP level 8. HP: 56/60 MP: 10/10
  4764 | D:6      | Reached skill level 11 in Ranged Weapons
  4860 | D:6      | Identified the +1 leather armour of Wariness {rCorr Str+2}
  5523 | D:7      | Reached skill level 12 in Ranged Weapons
  5791 | D:7      | Reached skill level 13 in Ranged Weapons
  6147 | D:7      | Reached XP level 9. HP: 67/67 MP: 11/11
  6408 | D:8      | Reached skill level 14 in Ranged Weapons
  6502 | D:8      | Reached skill level 15 in Ranged Weapons
  6710 | D:8      | Noticed a two-headed ogre
  6714 | D:8      | Killed a two-headed ogre
  6884 | D:8      | Reached skill level 16 in Ranged Weapons
  6917 | D:8      | Found a staircase to the Lair.
  7010 | D:8      | Reached XP level 10. HP: 25/73 MP: 4/13
  7748 | D:9      | Reached skill level 17 in Ranged Weapons
  9161 | Lair:1   | Entered Level 1 of the Lair of Beasts
  9270 | Lair:1   | Found a frozen archway.
  9279 | IceCv    | Entered an ice cave
  9344 | IceCv    | Noticed an ice statue
  9344 | IceCv    | Noticed an ice statue
  9363 | IceCv    | Killed an ice statue
  9364 | IceCv    | Reached skill level 18 in Ranged Weapons
  9517 | IceCv    | Killed an ice statue
  9518 | IceCv    | Reached XP level 11. HP: 59/80 MP: 9/14
 10003 | IceCv    | Noticed a reaper
 10011 | IceCv    | Killed a reaper
 10165 | IceCv    | Reached skill level 5 in Fighting
 10165 | IceCv    | Reached skill level 5 in Dodging
 10564 | Lair:1   | Noticed Prince Ribbit
 10573 | Lair:1   | Killed Prince Ribbit
 10649 | Lair:1   | Noticed Urug
 10653 | Lair:1   | Noticed Amaemon
 10923 | Lair:1   | Killed Amaemon
 10940 | Lair:1   | You fall into a shaft and drop 1 floor!
 11044 | Lair:2   | Reached XP level 12. HP: 72/100 MP: 12/15
 11349 | Lair:2   | Found a staircase to the Swamp.
 11831 | Lair:1   | Killed Urug
 12092 | Lair:3   | Noticed a six-headed hydra
 12094 | Lair:3   | Killed a six-headed hydra
 12330 | Lair:3   | Found a hole to the Spider Nest.
 12668 | Lair:3   | Found a runed translucent door.
 13293 | Lair:4   | Slain by a death yak

Illustrated notes

Levels and vault maps discovered:
D:1:      psy_arrival_whirlpool, layout_basic,
          shapermc_ecumenical_altar_hornbeckon, serial_forest,
          infiniplex_forest_diagonal, infiniplex_forest_straight_2,
          infiniplex_forest_lined_corner, infiniplex_forest_straight_3,
          infiniplex_forest_pool, hangedman_decor_push
D:2:      layout_loops_ring, basic_altar
D:3:      layout_loops_cross, uniq_crazy_yiuf_cottage
D:4:      layout_basic, chequers_big_river
D:5:      layout_gridville, uniq_edmund, uniq_menkaure
D:6:      layout_layer_cave, gammafunk_temple_overflow_claw,
          minmay_temple_entry_wispy
D:7:      layout_basic, chequers_decorated_corner
D:8:      layout_gridville, lemuel_crystal_altar, due_lair_maze_entry_diamond,
          roderic_serpentine_path
D:9:      layout_grid_maze, nicolae_water_bricks
Lair:1:   layout_roguey, portal_ice_cave_entry_imps,
          hangedman_lair_unloving_vines, grunt_megastairs_2, uniq_amaemon,
          uniq_prince_ribbit2, uniq_urug
Lair:2:   layout_big_grid, minmay_swamp_entry_worms, basic_altar
Lair:3:   layout_regular_city, spider_nest_entry_webs,
          pdpol_lair_cabin_in_the_woods, grunt_megastairs_1, lemuel_fruit_tree,
          serial_bayou_shore_a
Lair:4:   layout_gridlike, grunt_megastairs_4

Skill      XL: |  1  2  3  4  5  6  7  8  9 10 11 12 |
---------------+-------------------------------------+-----
Ranged Weapons | 4 5 6 8 10 13 16 18 | 18.0
Fighting       | 2 7 9 |  9.6
Dodging        | 2 7 9 |  9.6
Stealth        | |  0.8

Action                     |  1- 3 |  4- 6 |  7- 9 | 10-12 || total
---------------------------+-------+-------+-------+-------++-------
  Melee: Unarmed           |       |     6 |       |    53 ||    59
   Fire: Shortbow          |   130 |    89 |   206 |       ||   425
         Arbalest          |       |       |    35 |   357 ||   392
    Use: Scroll            |     3 |    11 |    11 |    10 ||    35
         Potion            |       |     1 |     1 |    10 ||    12
 Armour: Leather armour    |    14 |     9 |     3 |       ||    26
         Skin              |       |     3 |       |    84 ||    87
         Steam dragon scal |       |       |    13 |    44 ||    57
  Dodge: Dodged            |    34 |    23 |    34 |   166 ||   257

Table legend: (Time is in decaauts)
 A = Elapsed time spent in this place.
 B = Non-inter-level travel time spent in this place.
 C = Inter-level travel time spent in this place.
 D = Time resting spent in this place.
 E = Time spent auto-exploring this place.
 F = Levels seen in this place.
 G = Mean time per level.
                   A        B        C        D        E       F      G
               +--------+--------+--------+--------+--------+-----+--------+
         Total |  13536 |  12947 |    589 |   3161 |   7702 |  14 |  966.9 |
       Dungeon |   9265 |   8837 |    428 |   1962 |   5588 |   9 | 1029.4 |
          Lair |   3193 |   3033 |    160 |    513 |   1924 |   4 |  798.2 |
      Ice Cave |   1076 |   1076 |      0 |    685 |    189 |   1 | 1076.0 |
               +--------+--------+--------+--------+--------+-----+--------+

Top non-repeatable levels by time:
     D:9: 1504 daAuts
     D:8: 1325 daAuts
   IceCv: 1076 daAuts
  Lair:1: 1072 daAuts
     D:4: 1063 daAuts
     D:6: 1055 daAuts
     D:1: 1009 daAuts
  Lair:3: 978 daAuts
     D:3: 967 daAuts
     D:2: 937 daAuts
     D:7: 832 daAuts
  Lair:2: 795 daAuts
     D:5: 569 daAuts
  Lair:4: 347 daAuts
